 Dungeon Crawl Stone Soup version 0.29-a0-330-g52719c12eb (webtiles) character file.

Game seed: 12203292333789328731

3668 kae the Arsonist (level 9, -1/62 HPs)
             Began as a Demigod Fire Elementalist on May 19, 2022.
             Killed from afar by a steam dragon (21 damage)
             ... with a ball of steam
             ... on level 7 of the Dungeon.
             The game lasted 00:08:25 (10355 turns).

kae the Arsonist (Demigod Fire Elementalist)       Turns: 10355, Time: 00:08:25

Health: -1/62      AC:  5    Str:  9    XL:     9   Next: 58%
Magic:  21/23      EV: 12    Int: 29    God:
Gold:   399        SH:  0    Dex: 14    Spells: 9/22 levels left

rFire   . . .      SeeInvis .   g - +3 whip (elec)
rCold   . . .      Faith    .   (no shield)
rNeg    . . .      Spirit   .   a - +1 robe
rPois   .          Reflect  .   b - +2 hat
rElec   .          Harm     .   (no cloak)
rCorr   .          Rampage  .   (no gloves)
Will    .....                   (no boots)
Stlth   ++........              x - amulet of magic regeneration
HPRegen 0.20/turn               (no ring)
MPRegen 0.58/turn               (no ring)

@: no status effects
A: high MP 1, forlorn, divine attributes
a: no special abilities


You were on level 7 of the Dungeon.
You visited 1 branch of the dungeon, and saw 7 of its levels.
You also visited: Sewer and Ossuary.

You collected 399 gold pieces.

Inventory:

Hand Weapons
 g - a +3 whip of electrocution (weapon)
Armour
 a - a +1 robe (worn)
 b - a +2 hat (worn)
Jewellery
 x - an amulet of magic regeneration (around neck)
Wands
 h - a wand of paralysis (4)
 r - a wand of flame (9)
Scrolls
 j - 3 scrolls of enchant armour
 k - 4 scrolls of enchant weapon
 l - 2 scrolls of teleportation
 o - a scroll of brand weapon
 u - a scroll of identify
 w - a scroll of silence
 y - a scroll of fog
 z - a scroll of summoning
Potions
 c - 3 potions of flight
 d - 3 potions of resistance
 e - 5 potions of curing
 f - a potion of lignification
 i - 4 potions of degeneration
 m - 3 potions of haste
 n - a potion of cancellation
 p - 2 potions of invisibility
 q - a potion of attraction
 s - 4 potions of brilliance
 t - a potion of heal wounds
 v - a potion of mutation


   Skills:
 - Level 1.7 Dodging
 - Level 1.7 Stealth
 + Level 7.1 Spellcasting
 + Level 7.5 Conjurations
 + Level 8.0 Fire Magic


You had 9 spell levels left.
You knew the following spells:

 Your Spells              Type           Power      Damage    Failure   Level
a - Foxfire               Conj/Fire      100%       2x1d9     1%          1
b - Scorch                Fire           100%       2d10      1%          2
c - Conjure Flame         Conj/Fire      54%        6-21      1%          3
d - Inner Flame           Hex/Fire       33%        N/A       3%          3
e - Flame Wave            Conj/Fire      54%        2d11      1%          4

Your spell library contained the following spells:

 Spells                   Type           Power      Damage    Failure   Level
 Magic Dart               Conj           100%       1d8       1%          1
 Freeze                   Ice            40%        1d6       4%          1
 Slow                     Hex            40%        N/A       4%          1
 Mephitic Cloud           Conj/Pois/Air  24%        N/A       5%          3
 Call Imp                 Summ           10%        N/A       8%          2
 Hailstorm                Conj/Ice       32%        3d8       11%         4
 Confusing Touch          Hex            10%        N/A       16%         3
 Frozen Ramparts          Ice            20%        1d4       16%         3
 Vampiric Draining        Necr           10%        2d6       16%         3


Dungeon Overview and Level Annotations

Branches:
Dungeon (7/15)             Temple (0/1) D:5           Sewer (visited)
Ossuary (visited)


Innate Abilities, Weirdness & Mutations

You have an increased reservoir of magic. (+10% MP)
You shall have no god before yourself.
Your divine heritage dramatically boosts your attributes as you level up.


Message History

Confirm with . or Enter, or press ? or * to list all spells.
You can't see any susceptible monsters within range! (Use Z to cast anyway.)
A steam dragon is nearby!
A steam dragon is nearby!
Casting: Scorch (safe; 1% risk of failure)
Confirm with . or Enter, or press ? or * to list all spells.
You conjure some foxfire!
The steam dragon hisses angrily.
The steam dragon breathes steam at you. The ball of steam hits you!!
You hear a shout! x2
You are engulfed in a cloud of scalding steam.
You're standing in a cloud of steam!
Casting: Foxfire (safe; 1% risk of failure)
Confirm with . or Enter, or press ? or * to list all spells.
You conjure some foxfire!
You are engulfed in a cloud of scalding steam.
The foxfire hits the steam dragon.
The steam dragon is lightly wounded.
You are engulfed in a cloud of scalding steam.
The foxfire hits the steam dragon!
The steam dragon is moderately wounded.
The foxfire hits the steam dragon but does no damage.
The steam dragon is moderately wounded.
Casting: Foxfire (safe; 1% risk of failure)
Confirm with . or Enter, or press ? or * to list all spells.
You conjure some foxfire!
You are engulfed in a cloud of scalding steam.
The foxfire hits the steam dragon.
The steam dragon is moderately wounded.
The foxfire hits the steam dragon but does no damage.
The steam dragon is moderately wounded.
Casting: Foxfire (safe; 1% risk of failure)
Confirm with . or Enter, or press ? or * to list all spells.
Flames lash the steam dragon.
The steam dragon is severely wounded.
The steam dragon's fire resistance burns away.
The steam dragon breathes steam at you. The ball of steam hits you!!
You die...

########## ###
##...#....######..#
#....)....'.......#
#.........#.......#
##........#.......+
##...##...##..##.## .#
#######...###'##.###..##
.....##...##...ยง.......#
.....##.<.##....@D.....#
##...##...##.....##..!##
##<..##(..######## .#
##........#..[...######
..........#............
##...##...##...........
##...##...##....###...#
#.........##....########
#.........'......')(...#


You could see a steam dragon (catching breath, combustible).

Vanquished Creatures
  Pikel (D:4)
  Grinder (D:5)
  Menkaure (D:7)
  A sky beast (D:6)
  An ice beast (D:6)
  3 ogres
  An orc warrior (D:6)
  2 black bears
  A lemure (D:3)
  2 phantoms (D:5)
  3 scorpions
  5 bullfrogs
  2 wyvern zombies (Ossuary)
  A necrophage (D:7)
  2 water moccasin zombies (Ossuary)
  2 howler monkeys
  3 bullfrog zombies (Ossuary)
  A centaur zombie (Ossuary)
  A jelly (D:4)
  An orc priest (D:3)
  A hound (D:4)
  Jessica (D:2)
  An iguana (D:5)
  4 orc wizards
  2 killer bee zombies (Ossuary)
  19 mummies
  A howler monkey zombie (Ossuary)
  4 gnolls
  13 adders
  6 river rats (Sewer)
  An ufetubus (D:7)
  2 worms (D:4)
  3 dart slugs
  23 orcs
  10 bats
  6 endoplasms
  2 giant cockroaches (D:3)
  12 goblins
  6 hobgoblins
  4 jackals
  8 kobolds
  4 quokkas
  12 ball pythons
  3 frilled lizards
  31 rats
214 creatures vanquished.

Vanquished Creatures (others)
  579 foxfires
  10 withered plants (Ossuary)
589 creatures vanquished.

Grand Total: 803 creatures vanquished

Notes
Turn   | Place    | Note
-------+----------+-------------------------------------------
     0 | D:1      | kae the Demigod Fire Elementalist began the quest for the
                  | Orb.
     0 | D:1      | Reached XP level 1. HP: 14/14 MP: 5/5
   105 | D:1      | Reached skill level 1 in Conjurations
   316 | D:1      | Reached XP level 2. HP: 20/20 MP: 5/7
   651 | D:1      | Reached skill level 3 in Fire Magic
   659 | D:1      | Learned a level 2 spell: Scorch
  1764 | D:2      | Noticed Jessica
  1767 | D:2      | Killed Jessica
  1768 | D:2      | Reached XP level 3. HP: 26/26 MP: 3/9
  1847 | D:2      | Learned a level 3 spell: Conjure Flame
  2386 | D:3      | Reached XP level 4. HP: 15/33 MP: 2/10
  2845 | D:3      | Reached XP level 5. HP: 38/38 MP: 6/12
  2847 | D:3      | Noticed a black bear
  2885 | D:3      | Killed a black bear
  2886 | D:3      | Reached skill level 4 in Fire Magic
  3251 | D:3      | Noticed an orc warrior
  3989 | D:3      | Reached XP level 6. HP: 45/45 MP: 11/14
  4443 | D:3      | Learned a level 3 spell: Inner Flame
  4463 | D:4      | Noticed Pikel
  4638 | D:4      | Found a glowing drain.
  4737 | Sewer    | Entered a sewer
  5513 | Sewer    | Reached skill level 5 in Fire Magic
  5513 | Sewer    | Reached XP level 7. HP: 29/50 MP: 9/16
  6382 | D:4      | Killed Pikel
  6383 | D:4      | Reached skill level 5 in Spellcasting
  6383 | D:4      | Reached skill level 5 in Conjurations
  6383 | D:4      | Reached XP level 8. HP: 56/57 MP: 3/19
  6495 | D:4      | Reached skill level 6 in Fire Magic
  6595 | D:4      | You fall into a shaft and drop 2 floors!
  6678 | D:6      | HP: 1/57 [bullfrog (4)]
  7130 | D:5      | Entered Level 5 of the Dungeon
  7130 | D:5      | Noticed Grinder
  7135 | D:5      | Found a staircase to the Ecumenical Temple.
  7198 | D:5      | Learned a level 4 spell: Flame Wave
  7266 | D:5      | Killed Grinder
  7287 | D:5      | Reached skill level 7 in Fire Magic
  7618 | D:5      | Found a sand-covered staircase.
  7629 | Ossuary  | Entered an ossuary
  7648 | Ossuary  | Reached XP level 9. HP: 55/62 MP: 10/22
  7654 | Ossuary  | HP: 1/62 [mummy (7)]
 10231 | D:7      | Reached skill level 8 in Fire Magic
 10327 | D:7      | Noticed Menkaure
 10334 | D:7      | Killed Menkaure
 10355 | D:7      | Killed from afar by a steam dragon

Illustrated notes

Levels and vault maps discovered:
D:1:      ncdulo_lavacross, layout_basic, ebering_ecumenical_altar_hall
D:2:      layout_basic, uniq_jessica
D:3:      minmay_bubble_buster, layout_basic, minmay_quantized
D:4:      layout_rooms, lemuel_round_altar, cheibrodos_sewer_entry_bend,
          chequers_mini_garden, uniq_pikel
D:5:      layout_rooms, minmay_temple_entry_mini_moons,
          gup_ossuary_entry_pyramid, kennysheep_small_spiral, uniq_grinder
D:6:      layout_cave_pods, mainiacjoe_overflow_alcove_4, kennysheep_mini_moat
D:7:      layout_gridville, uniq_menkaure, uniq_joseph

Skill      XL: |  1  2  3  4  5  6  7  8  9 |
---------------+----------------------------+-----
Conjurations   | 1 2 3 4 5 6 7 |  7.5
Spellcasting   | 2 3 4 5 6 7 |  7.1
Fire Magic     | 3 4 5 7 8 |  8.0
Dodging        | |  1.7
Stealth        | |  1.7

Action                   |  1- 3 |  4- 6 |  7- 9 || total
-------------------------+-------+-------+-------++-------
Melee: Unarmed           |     5 |       |       ||     5
       Whip              |     1 |    12 |    13 ||    26
       Punch             |       |     1 |       ||     1
 Cast: Foxfire           |    55 |   127 |   149 ||   331
       Scorch            |    11 |    35 |    64 ||   110
       Conjure Flame     |       |       |     3 ||     3
       Inner Flame       |       |       |     1 ||     1
       Flame Wave        |       |       |     6 ||     6
  Use: Scroll            |     8 |     6 |    12 ||    26
       Potion            |       |     2 |     3 ||     5
Armor: Robe              |    14 |    22 |    39 ||    75
       Skin              |       |    38 |       ||    38
Dodge: Dodged            |    19 |    48 |    77 ||   144

Table legend: (Time is in decaauts)
 A = Elapsed time spent in this place.
 B = Non-inter-level travel time spent in this place.
 C = Inter-level travel time spent in this place.
 D = Time resting spent in this place.
 E = Time spent auto-exploring this place.
 F = Levels seen in this place.
 G = Mean time per level.
                   A        B        C        D        E       F      G
               +--------+--------+--------+--------+--------+-----+--------+
         Total |  10446 |  10215 |    231 |   1298 |   7146 |   9 | 1160.7 |
       Dungeon |   8295 |   8064 |    231 |    960 |   5763 |   7 | 1185.0 |
         Sewer |    968 |    968 |      0 |    130 |    637 |   1 |  968.0 |
       Ossuary |   1182 |   1182 |      0 |    208 |    746 |   1 | 1182.0 |
               +--------+--------+--------+--------+--------+-----+--------+

Top non-repeatable levels by time:
     D:3: 2222 daAuts
     D:6: 1636 daAuts
     D:1: 1286 daAuts
 Ossuary: 1182 daAuts
     D:4: 1132 daAuts
     D:2: 1039 daAuts
   Sewer: 968 daAuts
     D:5: 761 daAuts
     D:7: 215 daAuts
